Sabres vs Sharks

Created - 27 mars 2015 at 19:08

Goals
1 2 3 OT1 SO T
Sabres 1 1 0 0 0 2
Sharks 1 0 1 0 1 3
Shots
1 2 3 OT1 SO T
Sabres 11 12 4 2 3 29
Sharks 9 8 4 2 2 23

1st period

1. Sharks , Dany Heatley 30 (David Legwand, Daniel Alfredsson) at 18:15 (PP)
2. Sabres , Viktor Kozlov 8 (Antoine Roussel, Tomas Kopecky) at 19:33

Penalties :
Cory Sarich (Buf) for Boarding (Minor) at 2:28, Mike Fisher (Buf) for Holding (Minor) at 18:01

2nd period

3. Sabres , Niclas Bergfors 32 (Ryan Hollweg, Ole-Kristian Tollefsen) at 13:01

Penalties :
No Penalty

3rd period

4. Sharks , Daniel Alfredsson 19 (Dany Heatley, David Legwand) at 18:54 (PP)

Penalties :
Tyler Sloan (Buf) for Tripping (Minor) at 3:35, Markus Naslund (SJS) for Hooking (Minor) at 11:19, Steve Downie (Buf) for Hooking (Minor) at 18:25

Overtime #1

No Goal

Penalties :
No Penalty

Shootout

Penalty Shot by Patrick Marleau for Sabres - Stopped by Tyler Weiman
Penalty Shot by Dany Heatley for Sharks - Stopped by Evgeni Nabokov
Penalty Shot by Niclas Bergfors for Sabres - Stopped by Tyler Weiman
Penalty Shot by Ted Purcell for Sharks - Goal!
Penalty Shot by Ryan Hollweg for Sabres - Stopped by Tyler Weiman

Penalties :
No Penalty

Goalie Stats

Evgeni Nabokov (Buf), 21 saves from 23 shots - (0,913), OTL, 28-27-8, 65:00 minutes
Tyler Weiman (SJS), 27 saves from 29 shots - (0,931), W, 21-23-4, 65:00 minutes

Players Stats for Sabres

Player Name              G  A  P  +/- PIM S  H  SB GA TA FO     MP     PP MP  PK MP  
------------------------------------------------------------------------------------
Antoine Roussel          0  1  1   1  0   2  0  0  0  0  1/1    14:03   0:00   0:00 
Cory Sarich              0  0  0   0  2   0  1  1  0  1  0/0    15:38   0:00   0:41 
Derick Brassard          0  0  0   0  0   4  2  1  0  0  10/21  19:59   1:01   0:00 
Jiri Hudler              0  0  0   1  0   0  2  0  0  0  6/11   15:27   0:58   0:00 
Joni Pitkanen            0  0  0   0  0   2  2  1  1  0  0/0    26:20   1:22   1:57 
Kyle Calder              0  0  0   0  0   2  1  0  0  0  0/0    10:23   0:00   0:50 
Mike Fisher              0  0  0   0  2   2  2  0  1  0  3/5    11:39   0:00   1:08 
Nicklas Lidstrom         0  0  0   2  0   1  0  3  0  2  0/0    24:08   0:37   2:44 
Niclas Bergfors          1  0  1   1  0   5  1  1  0  0  0/0    16:46   1:01   0:00 
Ole-Kristian Tollefsen   0  1  1   2  0   0  3  3  0  2  0/0    27:38   0:37   2:44 
Patrick Marleau          0  0  0   0  0   4  5  1  0  0  0/0    20:01   1:01   0:00 
Richard Lintner          0  0  0   0  0   0  0  0  1  1  0/0    18:09   1:22   0:17 
Ryan Hollweg             0  1  1   1  0   2  1  0  0  1  0/1    15:27   0:58   0:00 
Steve Downie             0  0  0   0  2   2  6  2  0  0  0/0    18:36   0:58   1:08 
Todd White               0  0  0   0  0   1  0  0  0  0  1/1    12:01   0:00   2:43 
Tomas Kopecky            0  1  1   1  0   0  2  0  1  0  0/0    13:34   0:00   0:38 
Tyler Sloan              0  0  0   0  2   0  1  1  1  2  0/0    18:17   0:00   0:59 
Viktor Kozlov            1  0  1   1  0   2  2  0  1  0  4/13   17:09   0:00   2:55 

Players Stats for Sharks

Player Name              G  A  P  +/- PIM S  H  SB GA TA FO     MP     PP MP  PK MP  
------------------------------------------------------------------------------------
Alex Pietrangelo         0  0  0   0  0   3  0  2  2  0  0/0    24:14   2:21   0:00 
Antoine Vermette         0  0  0  -1  0   0  1  0  1  0  8/15   22:30   1:58   0:39 
Boris Valabik            0  0  0  -1  0   0  0  0  0  0  0/0     7:32   0:00   0:00 
Brandon Yip              0  0  0   0  0   1  2  0  1  0  0/0    15:47   0:00   0:00 
Daniel Alfredsson        1  1  2  -1  0   5  1  2  0  0  5/8    24:29   2:43   0:10 
Dany Heatley             1  1  2  -1  0   3  1  0  0  1  0/0    25:15   2:43   1:13 
David Hale               0  0  0   0  0   0  0  1  0  0  0/0    12:52   0:00   0:37 
David Legwand            0  2  2  -1  0   1  4  0  0  2  12/25  22:01   2:43   0:00 
Francis Bouillon         0  0  0  -1  0   0  0  0  0  0  0/0     7:00   0:00   0:00 
Joe Sakic                0  0  0   0  0   2  4  0  0  1  3/4    17:24   1:58   1:10 
Johnny Boychuk           0  0  0  -1  0   2  1  1  1  1  0/0    21:28   2:20   1:22 
Lasse Kukkonen           0  0  0   0  0   1  2  2  0  0  0/0    26:17   2:21   1:22 
Markus Naslund           0  0  0  -1  2   0  3  0  1  0  0/0    17:35   1:58   0:00 
Martin Samuelsson        0  0  0   0  0   0  0  0  0  0  0/0     7:26   0:00   0:46 
Michal Rozsival          0  0  0  -1  0   3  1  2  1  0  0/0    19:26   2:20   0:00 
Shaone Morrisonn         0  0  0   0  0   0  1  0  0  0  0/0    12:07   0:00   0:37 
Ted Purcell              0  0  0  -1  0   2  2  0  0  1  0/0    18:34   0:00   0:00 
Tuomo Ruutu              0  0  0   0  0   0  1  0  2  0  0/1    16:03   0:00   0:00 

3 Stars

1 - Ole-Kristian Tollefsen (Buf)
2 - Viktor Kozlov (Buf)
3 - Daniel Alfredsson (SJS)

Power Play

Sabres - 0 on 1 Attempt(s) - 0,00%
Sharks - 2 on 4 Attempt(s) - 50,00%

Penalty Kill

Sabres - 2 on 4 Attempt(s) - 50,00% - Score 0 goal in Penalty Kill
Sharks - 1 on 1 Attempt(s) - 100,00% - Score 0 goal in Penalty Kill

Team Stat

Sabres - Hits : 31 - Faceoff Wins : 25 - Blocked Shots : 14 - Penalty Minutes : 8
Sharks - Hits : 24 - Faceoff Wins : 28 - Blocked Shots : 10 - Penalty Minutes : 2

Official

Referees : Joannette Marc and O'Rourke Dan
Linesman : Lyle Seitz and Vaughan Rody

Game Notes

No Game Note

Finance

Level 1 -- Attendance: 4363 (72,72%) -- Ticket Income 392 670 $
Level 2 -- Attendance: 3255 (65,10%) -- Ticket Income 195 300 $
Level 3 -- Attendance: 1166 (58,30%) -- Ticket Income 46 640 $
Level 4 -- Attendance: 3938 (98,45%) -- Ticket Income 78 760 $
Luxury Box -- Attendance: 784 (78,40%) -- Ticket Income 141 120 $
Game was played at the Hockey Place Center'
Total Attendance: 13506 (75,03%)
Total Ticket Income: 854 490 $
Other Income: 128 174 $
Total Income: 982 664 $

Sabres

5 vs 5 Forward 
   Center                   Left Wing                Right Wing               Time % Phy DF OF 
 1 Derick Brassard          Patrick Marleau          Steve Downie             35     1   2  2  
 2 Jiri Hudler              Ryan Hollweg             Niclas Bergfors          28     1   2  2  
 3 Viktor Kozlov            Antoine Roussel          Tomas Kopecky            22     1   3  1  
 4 Mike Fisher              Kyle Calder              Todd White               15     1   4  0  

5 vs 5 Defense 
   Defense                  Defense                                           Time % Phy DF OF 
 1 Ole-Kristian Tollefsen   Nicklas Lidstrom                                  35     1   3  1  
 2 Tyler Sloan              Joni Pitkanen                                     30     1   3  1  
 3 Richard Lintner          Cory Sarich                                       25     1   3  1  
 4 Ole-Kristian Tollefsen   Joni Pitkanen                                     10     1   2  2  

PowerPlay Forward 
   Center                   Left Wing                Right Wing               Time % Phy DF OF 
 1 Derick Brassard          Patrick Marleau          Niclas Bergfors          60     1   0  4  
 2 Jiri Hudler              Ryan Hollweg             Steve Downie             40     3   0  2  

PowerPlay Defense
   Defense                  Defense                                           Time % Phy DF OF 
 1 Ole-Kristian Tollefsen   Nicklas Lidstrom                                  60     1   2  2  
 2 Richard Lintner          Joni Pitkanen                                     40     1   2  2  

Penalty Kill 4 Players Forward 
   Center                   Wing                     Time % Phy DF OF 
 1 Viktor Kozlov            Todd White               60     1   4  0  
 2 Mike Fisher              Steve Downie             40     1   4  0  

Penalty Kill 4 Players Defense
   Defense                  Defense                  Time % Phy DF OF 
 1 Ole-Kristian Tollefsen   Nicklas Lidstrom         60     1   4  0  
 2 Tyler Sloan              Joni Pitkanen            40     1   4  0  

Penalty Kill - 3 Players Forward 
   Forward                                           Time % Phy DF OF 
 1 Viktor Kozlov                                     60     1   4  0  
 2 Todd White                                        40     1   4  0  

Penalty Kill - 3 Players Defense
   Defense                  Defense                  Time % Phy DF OF 
 1 Ole-Kristian Tollefsen   Nicklas Lidstrom         60     1   4  0  
 2 Tyler Sloan              Joni Pitkanen            40     1   4  0  

4 vs 4 Forward 
   Center                   Wing                     Time % Phy DF OF 
 1 Derick Brassard          Patrick Marleau          60     1   2  2  
 2 Viktor Kozlov            Niclas Bergfors          40     1   3  1  

4 vs 4 Defense
   Defense                  Defense                  Time % Phy DF OF 
 1 Ole-Kristian Tollefsen   Nicklas Lidstrom         60     1   3  1  
 2 Richard Lintner          Joni Pitkanen            40     1   3  1  

Last Minutes Offensive
   Center                   Left Wing                Right Wing               Defense                  Defense                  
   Derick Brassard          Patrick Marleau          Niclas Bergfors          Ole-Kristian Tollefsen   Joni Pitkanen            

Last Minutes Defensive
   Center                   Left Wing                Right Wing               Defense                  Defense                  
   Viktor Kozlov            Todd White               Steve Downie             Ole-Kristian Tollefsen   Joni Pitkanen            

Goaltenders
Starting : Evgeni Nabokov           
Backup : Michal Neuvirth          

Extra Forwards
Normal : Antoine Roussel, Mike Fisher, Viktor Kozlov - PP : Viktor Kozlov, Tomas Kopecky - PK : Tomas Kopecky
Extra Defensemen
Normal : Cory Sarich, Richard Lintner, Tyler Sloan - PP : Cory Sarich - PK : Cory Sarich, Richard Lintner
Penalty Shots
Patrick Marleau, Niclas Bergfors, Ryan Hollweg, Viktor Kozlov, Derick Brassard

Sharks

5 vs 5 Forward 
   Center                   Left Wing                Right Wing               Time % Phy DF OF 
 1 David Legwand            Dany Heatley             Daniel Alfredsson        40     0   2  3  
 2 Antoine Vermette         Markus Naslund           Ted Purcell              30     0   2  3  
 3 Joe Sakic                Tuomo Ruutu              Brandon Yip              20     0   2  3  
 4 Antoine Vermette         Martin Samuelsson        Ted Purcell              10     0   3  2  

5 vs 5 Defense 
   Defense                  Defense                                           Time % Phy DF OF 
 1 Lasse Kukkonen           Alex Pietrangelo                                  40     1   2  2  
 2 Michal Rozsival          Johnny Boychuk                                    30     1   2  2  
 3 Shaone Morrisonn         David Hale                                        20     1   2  2  
 4 Francis Bouillon         Boris Valabik                                     10     1   2  2  

PowerPlay Forward 
   Center                   Left Wing                Right Wing               Time % Phy DF OF 
 1 David Legwand            Dany Heatley             Daniel Alfredsson        60     1   2  2  
 2 Antoine Vermette         Markus Naslund           Joe Sakic                40     1   2  2  

PowerPlay Defense
   Defense                  Defense                                           Time % Phy DF OF 
 1 Lasse Kukkonen           Alex Pietrangelo                                  60     1   2  2  
 2 Michal Rozsival          Johnny Boychuk                                    40     1   2  2  

Penalty Kill 4 Players Forward 
   Center                   Wing                     Time % Phy DF OF 
 1 Joe Sakic                Dany Heatley             60     1   4  0  
 2 Daniel Alfredsson        Martin Samuelsson        40     1   4  0  

Penalty Kill 4 Players Defense
   Defense                  Defense                  Time % Phy DF OF 
 1 Lasse Kukkonen           Johnny Boychuk           60     1   4  0  
 2 David Hale               Shaone Morrisonn         40     1   4  0  

Penalty Kill - 3 Players Forward 
   Forward                                           Time % Phy DF OF 
 1 Joe Sakic                                         60     0   5  0  
 2 Martin Samuelsson                                 40     0   5  0  

Penalty Kill - 3 Players Defense
   Defense                  Defense                  Time % Phy DF OF 
 1 Lasse Kukkonen           Johnny Boychuk           60     0   5  0  
 2 David Hale               Shaone Morrisonn         40     0   5  0  

4 vs 4 Forward 
   Center                   Wing                     Time % Phy DF OF 
 1 Daniel Alfredsson        Dany Heatley             60     0   2  3  
 2 Antoine Vermette         Joe Sakic                40     0   2  3  

4 vs 4 Defense
   Defense                  Defense                  Time % Phy DF OF 
 1 Lasse Kukkonen           Alex Pietrangelo         60     0   2  3  
 2 Johnny Boychuk           Michal Rozsival          40     0   2  3  

Last Minutes Offensive
   Center                   Left Wing                Right Wing               Defense                  Defense                  
   David Legwand            Dany Heatley             Daniel Alfredsson        Michal Rozsival          Alex Pietrangelo         

Last Minutes Defensive
   Center                   Left Wing                Right Wing               Defense                  Defense                  
   David Legwand            Markus Naslund           Daniel Alfredsson        Lasse Kukkonen           Shaone Morrisonn         

Goaltenders
Starting : Tyler Weiman             
Backup : Mike Brodeur             

Extra Forwards
Normal : Antoine Vermette, Tuomo Ruutu, Brandon Yip - PP : Ted Purcell, Markus Naslund - PK : Dany Heatley
Extra Defensemen
Normal : Johnny Boychuk, Alex Pietrangelo, Boris Valabik - PP : David Hale - PK : Alex Pietrangelo, Michal Rozsival
Penalty Shots
Dany Heatley, Ted Purcell, Tuomo Ruutu, Markus Naslund, Daniel Alfredsson

% Time on Ice - Sabres

Lines # - Real PCT - Wanted PCT - Time Play
Normal Forward
1 - 31% - 35% - 16:43
2 - 27% - 28% - 14:34
3 - 24% - 22% - 12:45
4 - 17% - 15% - 9:18
Normal Defense
1 - 34% - 35% - 17:59
2 - 32% - 30% - 17:19
3 - 27% - 25% - 14:32
4 - 7% - 10% - 3:30
PP Forward
1 - 51% - 60% - 1:01
2 - 49% - 40% - 0:58
PP Defense
1 - 31% - 60% - 0:37
2 - 69% - 40% - 1:22
PK Forward
1 - 76% - 60% - 3:33
2 - 24% - 40% - 1:08
PK Defense
1 - 58% - 60% - 2:44
2 - 42% - 40% - 1:57
PK3 Forward
1 - 0% - 60%
2 - 0% - 40%
PK3 Defense
1 - 0% - 60%
2 - 0% - 40%
44 Forward
1 - 75% - 60% - 3:46
2 - 25% - 40% - 1:14
44 Defense
1 - 56% - 60% - 2:48
2 - 44% - 40% - 2:12
Last Minute Offensive  - 0:00
Last Minute Defensive  - 0:00
Total
Forward - 65:00
Defense - 65:00

% Time on Ice - Sharks

Lines # - Real PCT - Wanted PCT - Time Play
Normal Forward
1 - 37% - 40% - 19:36
2 - 28% - 30% - 14:52
3 - 24% - 20% - 12:39
4 - 12% - 10% - 6:13
Normal Defense
1 - 37% - 40% - 19:44
2 - 28% - 30% - 15:06
3 - 22% - 20% - 11:30
4 - 13% - 10% - 7:00
PP Forward
1 - 58% - 60% - 2:43
2 - 42% - 40% - 1:58
PP Defense
1 - 50% - 60% - 2:21
2 - 50% - 40% - 2:20
PK Forward
1 - 92% - 60% - 1:49
2 - 8% - 40% - 0:10
PK Defense
1 - 69% - 60% - 1:22
2 - 31% - 40% - 0:37
PK3 Forward
1 - 0% - 60%
2 - 0% - 40%
PK3 Defense
1 - 0% - 60%
2 - 0% - 40%
44 Forward
1 - 81% - 60% - 4:02
2 - 19% - 40% - 0:58
44 Defense
1 - 60% - 60% - 3:00
2 - 40% - 40% - 2:00
Last Minute Offensive  - 0:00
Last Minute Defensive  - 0:00
Total
Forward - 65:00
Defense - 65:00

Play by Play

1st period


0:01 of 1st period - Derick Brassard wins face-off versus David Legwand in neutral zone.
0:26 of 1st period - Ole-Kristian Tollefsen is hit by Markus Naslund and loses puck.
0:59 of 1st period - Shaone Morrisonn is hit by Tomas Kopecky.
1:14 of 1st period - Off-side.
1:15 of 1st period - Antoine Vermette wins face-off versus Mike Fisher in neutral zone.
1:24 of 1st period - Wrist shot by Ted Purcell.
1:24 of 1st period - Stopped by Evgeni Nabokov with a rebound.
1:29 of 1st period - Off-side.
1:30 of 1st period - Derick Brassard wins face-off versus David Legwand in neutral zone.
1:33 of 1st period - Wrist shot by Patrick Marleau.
1:33 of 1st period - Deflect By Derick Brassard.
1:33 of 1st period - Shot Misses the Net.
1:33 of 1st period - Puck is out of play.
1:34 of 1st period - Derick Brassard wins face-off versus David Legwand in Sharks zone.
1:56 of 1st period - Icing by Lasse Kukkonen.
1:57 of 1st period - Antoine Vermette wins face-off versus Jiri Hudler in Sharks zone.
2:06 of 1st period - Wrist shot by Ryan Hollweg.
2:06 of 1st period - Stopped by Tyler Weiman without a rebound.
2:07 of 1st period - Mike Fisher wins face-off versus Antoine Vermette in Sharks zone.
2:16 of 1st period - Backhand shot by Mike Fisher.
2:16 of 1st period - Shot Blocked by Michal Rozsival.
2:28 of 1st period - Minor Penalty to Cory Sarich for Boarding.
2:29 of 1st period - David Legwand wins face-off versus Viktor Kozlov in Sabres zone.
2:38 of 1st period - Slapshot by Alex Pietrangelo.
2:38 of 1st period - Shot Misses the Net.
2:40 of 1st period - Slapshot by Lasse Kukkonen.
2:40 of 1st period - Shot Blocked by Nicklas Lidstrom.
2:42 of 1st period - Snap shot by Daniel Alfredsson.
2:42 of 1st period - Stopped by Evgeni Nabokov with a rebound.
2:44 of 1st period - Slapshot by Lasse Kukkonen.
2:44 of 1st period - Deflect By David Legwand.
2:44 of 1st period - Shot Blocked by Ole-Kristian Tollefsen.
2:44 of 1st period - Puck is out of play.
2:45 of 1st period - Todd White wins face-off versus Antoine Vermette in Sabres zone.
4:28 of 1st period - Penalty to Cory Sarich is over, Cory Sarich is back on ice.
4:36 of 1st period - Slapshot by Ted Purcell.
4:36 of 1st period - Stopped by Evgeni Nabokov with a rebound.
4:38 of 1st period - Slapshot by David Hale.
4:38 of 1st period - Deflect By Martin Samuelsson.
4:38 of 1st period - Shot Misses the Net.
4:38 of 1st period - Puck is out of play.
4:39 of 1st period - Jiri Hudler wins face-off versus Tuomo Ruutu in Sabres zone.
4:39 of 1st period - Jiri Hudler is hit by Shaone Morrisonn.
6:06 of 1st period - Antoine Vermette is hit by Niclas Bergfors and loses puck.
6:19 of 1st period - Joni Pitkanen is hit by Daniel Alfredsson and loses puck.
6:40 of 1st period - Markus Naslund is hit by Steve Downie and loses puck.
7:19 of 1st period - David Legwand is hit by Mike Fisher and loses puck.
8:27 of 1st period - Slapshot by Mike Fisher.
8:27 of 1st period - Stopped by Tyler Weiman with a rebound.
8:29 of 1st period - Wrist shot by Todd White.
8:29 of 1st period - Stopped by Tyler Weiman with a rebound.
8:31 of 1st period - Slapshot by Tyler Sloan.
8:31 of 1st period - Shot Hit the Post.
9:56 of 1st period - Antoine Vermette is hit by Derick Brassard and loses puck.
10:29 of 1st period - Antoine Roussel is hit by Joe Sakic and loses puck.
11:40 of 1st period - Snap shot by Mike Fisher.
11:40 of 1st period - Shot Blocked by Michal Rozsival.
12:06 of 1st period - Markus Naslund is hit by Joni Pitkanen and loses puck.
13:16 of 1st period - Wrist shot by Patrick Marleau.
13:16 of 1st period - Stopped by Tyler Weiman without a rebound.
13:17 of 1st period - Derick Brassard wins face-off versus David Legwand in Sharks zone.
13:22 of 1st period - Slapshot by Patrick Marleau.
13:22 of 1st period - Stopped by Tyler Weiman with a rebound.
13:24 of 1st period - Wrist shot by Patrick Marleau.
13:24 of 1st period - Stopped by Tyler Weiman without a rebound.
13:25 of 1st period - Derick Brassard wins face-off versus Antoine Vermette in Sharks zone.
13:28 of 1st period - Snap shot by Derick Brassard.
13:28 of 1st period - Stopped by Tyler Weiman without a rebound.
13:29 of 1st period - Antoine Vermette wins face-off versus Derick Brassard in Sharks zone.
14:59 of 1st period - Lasse Kukkonen is hit by Steve Downie and loses puck.
15:08 of 1st period - Wrist shot by Derick Brassard.
15:08 of 1st period - Stopped by Tyler Weiman with a rebound.
15:26 of 1st period - Wrist shot by Niclas Bergfors.
15:26 of 1st period - Stopped by Tyler Weiman with a rebound.
15:28 of 1st period - Backhand shot by Ryan Hollweg.
15:28 of 1st period - Stopped by Tyler Weiman without a rebound.
15:29 of 1st period - Antoine Vermette wins face-off versus Derick Brassard in Sharks zone.
15:54 of 1st period - Dany Heatley is hit by Jiri Hudler and loses puck.
17:29 of 1st period - Slapshot by Lasse Kukkonen.
17:29 of 1st period - Deflect By Ole-Kristian Tollefsen.
17:29 of 1st period - Stopped by Evgeni Nabokov with a rebound.
17:41 of 1st period - Wrist shot by Viktor Kozlov.
17:41 of 1st period - Shot Misses the Net.
17:55 of 1st period - Slapshot by Alex Pietrangelo.
17:55 of 1st period - Stopped by Evgeni Nabokov with a rebound.
18:01 of 1st period - Minor Penalty to Mike Fisher for Holding.
18:02 of 1st period - Viktor Kozlov wins face-off versus David Legwand in Sabres zone.
18:13 of 1st period - Wrist shot by David Legwand.
18:13 of 1st period - Shot Misses the Net.
18:15 of 1st period - Wrist shot by Dany Heatley.
18:15 of 1st period - Goal by Dany Heatley - Sabres : 0 - Sharks : 1.
18:16 of 1st period - Derick Brassard wins face-off versus David Legwand in neutral zone.
18:23 of 1st period - Wrist shot by Derick Brassard.
18:23 of 1st period - Shot Blocked by Lasse Kukkonen.
18:31 of 1st period - Wrist shot by Daniel Alfredsson.
18:31 of 1st period - Shot Blocked by Tyler Sloan.
18:33 of 1st period - Snap shot by Alex Pietrangelo.
18:33 of 1st period - Shot Misses the Net.
18:49 of 1st period - Snap shot by Joe Sakic.
18:49 of 1st period - Shot Blocked by Steve Downie.
18:51 of 1st period - Slapshot by Michal Rozsival.
18:51 of 1st period - Stopped by Evgeni Nabokov with a rebound.
18:53 of 1st period - Slapshot by Johnny Boychuk.
18:53 of 1st period - Stopped by Evgeni Nabokov without a rebound.
18:54 of 1st period - David Legwand wins face-off versus Jiri Hudler in Sabres zone.
18:55 of 1st period - Wrist shot by Daniel Alfredsson.
18:55 of 1st period - Shot Misses the Net.
18:57 of 1st period - Wrist shot by Johnny Boychuk.
18:57 of 1st period - Stopped by Evgeni Nabokov with a rebound.
18:59 of 1st period - Wrist shot by Dany Heatley.
18:59 of 1st period - Shot Blocked by Nicklas Lidstrom.
19:33 of 1st period - Snap shot by Viktor Kozlov.
19:33 of 1st period - Goal by Viktor Kozlov - Sabres : 1 - Sharks : 1.
19:34 of 1st period - David Legwand wins face-off versus Derick Brassard in neutral zone.
19:36 of 1st period - Alex Pietrangelo is hit by Joni Pitkanen and loses puck.
19:49 of 1st period - Wrist shot by David Legwand.
19:49 of 1st period - Shot Misses the Net.
19:51 of 1st period - Wrist shot by Dany Heatley.
19:51 of 1st period - Shot Blocked by Steve Downie.
Goals for this period are 1 for Sabres vs 1 for Sharks.
Shots for this period are 11 for Sabres vs 9 for Sharks.

2nd period


0:01 of 2nd period - David Legwand wins face-off versus Derick Brassard in neutral zone.
0:47 of 2nd period - Wrist shot by Tuomo Ruutu.
0:47 of 2nd period - Shot Blocked by Joni Pitkanen.
1:31 of 2nd period - Slapshot by Steve Downie.
1:31 of 2nd period - Deflect By Derick Brassard.
1:31 of 2nd period - Shot Misses the Net.
1:31 of 2nd period - Puck is out of play.
1:32 of 2nd period - Antoine Vermette wins face-off versus Derick Brassard in Sharks zone.
1:32 of 2nd period - Antoine Vermette is hit by Patrick Marleau.
1:58 of 2nd period - Snap shot by Steve Downie.
1:58 of 2nd period - Stopped by Tyler Weiman with a rebound.
2:00 of 2nd period - Snap shot by Patrick Marleau.
2:00 of 2nd period - Shot Misses the Net.
2:19 of 2nd period - Ted Purcell is hit by Patrick Marleau.
2:25 of 2nd period - Snap shot by Derick Brassard.
2:25 of 2nd period - Stopped by Tyler Weiman with a rebound.
2:31 of 2nd period - Slapshot by Alex Pietrangelo.
2:31 of 2nd period - Deflect By Markus Naslund.
2:31 of 2nd period - Shot Misses the Net.
2:31 of 2nd period - Puck is out of play.
2:32 of 2nd period - Antoine Roussel wins face-off versus David Legwand in Sabres zone.
2:55 of 2nd period - Johnny Boychuk is hit by Kyle Calder and loses puck.
3:31 of 2nd period - Tomas Kopecky is hit by David Legwand and loses puck.
3:42 of 2nd period - Wrist shot by David Legwand.
3:42 of 2nd period - Stopped by Evgeni Nabokov with a rebound.
3:44 of 2nd period - Wrist shot by Dany Heatley.
3:44 of 2nd period - Shot Blocked by Cory Sarich.
3:46 of 2nd period - Slapshot by Dany Heatley.
3:46 of 2nd period - Deflect By Daniel Alfredsson.
3:46 of 2nd period - Stopped by Evgeni Nabokov with a rebound.
3:48 of 2nd period - Snap shot by Daniel Alfredsson.
3:48 of 2nd period - Stopped by Evgeni Nabokov without a rebound.
3:49 of 2nd period - Joe Sakic wins face-off versus Jiri Hudler in Sabres zone.
3:50 of 2nd period - Wrist shot by Alex Pietrangelo.
3:50 of 2nd period - Stopped by Evgeni Nabokov with a rebound.
3:52 of 2nd period - Snap shot by Joe Sakic.
3:52 of 2nd period - Shot Blocked by Ole-Kristian Tollefsen.
4:14 of 2nd period - Ole-Kristian Tollefsen is hit by Ted Purcell and loses puck.
4:25 of 2nd period - Antoine Vermette is hit by Ole-Kristian Tollefsen and loses puck.
4:38 of 2nd period - Tuomo Ruutu is hit by Tyler Sloan and loses puck.
4:43 of 2nd period - Wrist shot by Antoine Roussel.
4:43 of 2nd period - Stopped by Tyler Weiman without a rebound.
4:44 of 2nd period - Antoine Vermette wins face-off versus Jiri Hudler in Sharks zone.
5:09 of 2nd period - Alex Pietrangelo is hit by Steve Downie and loses puck.
5:49 of 2nd period - Icing by David Legwand.
5:50 of 2nd period - Mike Fisher wins face-off versus Daniel Alfredsson in Sharks zone.
5:57 of 2nd period - Snap shot by Derick Brassard.
5:57 of 2nd period - Shot Misses the Net.
5:59 of 2nd period - Slapshot by Richard Lintner.
5:59 of 2nd period - Shot Misses the Net.
6:01 of 2nd period - Snap shot by Steve Downie.
6:01 of 2nd period - Stopped by Tyler Weiman with a rebound.
6:03 of 2nd period - Slapshot by Richard Lintner.
6:03 of 2nd period - Shot Misses the Net.
6:05 of 2nd period - Wrist shot by Patrick Marleau.
6:05 of 2nd period - Shot Blocked by Daniel Alfredsson.
7:05 of 2nd period - Viktor Kozlov is hit by Brandon Yip and loses puck.
7:28 of 2nd period - Steve Downie is hit by Michal Rozsival and loses puck.
7:48 of 2nd period - Snap shot by Niclas Bergfors.
7:48 of 2nd period - Stopped by Tyler Weiman with a rebound.
7:50 of 2nd period - Slapshot by Niclas Bergfors.
7:50 of 2nd period - Shot Blocked by Alex Pietrangelo.
7:52 of 2nd period - Slapshot by Niclas Bergfors.
7:52 of 2nd period - Stopped by Tyler Weiman with a rebound.
7:54 of 2nd period - Slapshot by Nicklas Lidstrom.
7:54 of 2nd period - Stopped by Tyler Weiman without a rebound.
7:55 of 2nd period - David Legwand wins face-off versus Viktor Kozlov in Sharks zone.
8:20 of 2nd period - Derick Brassard is hit by Brandon Yip and loses puck.
8:27 of 2nd period - Slapshot by Alex Pietrangelo.
8:27 of 2nd period - Shot Misses the Net.
8:29 of 2nd period - Slapshot by Joe Sakic.
8:29 of 2nd period - Stopped by Evgeni Nabokov with a rebound.
8:39 of 2nd period - Lasse Kukkonen is hit by Cory Sarich and loses puck.
8:58 of 2nd period - Snap shot by Derick Brassard.
8:58 of 2nd period - Stopped by Tyler Weiman without a rebound.
8:59 of 2nd period - David Legwand wins face-off versus Ryan Hollweg in Sharks zone.
9:12 of 2nd period - Snap shot by Ryan Hollweg.
9:12 of 2nd period - Shot Misses the Net.
9:24 of 2nd period - Tomas Kopecky is hit by Markus Naslund and loses puck.
10:29 of 2nd period - Steve Downie is hit by Joe Sakic and loses puck.
10:44 of 2nd period - Wrist shot by Antoine Roussel.
10:44 of 2nd period - Stopped by Tyler Weiman with a rebound.
11:38 of 2nd period - Shaone Morrisonn is hit by Steve Downie and loses puck.
11:47 of 2nd period - Snap shot by Patrick Marleau.
11:47 of 2nd period - Shot Hit the Post.
11:49 of 2nd period - Wrist shot by Patrick Marleau.
11:49 of 2nd period - Stopped by Tyler Weiman with a rebound.
11:51 of 2nd period - Snap shot by Derick Brassard.
11:51 of 2nd period - Shot Blocked by David Hale.
12:02 of 2nd period - Off-side.
12:03 of 2nd period - David Legwand wins face-off versus Viktor Kozlov in neutral zone.
12:35 of 2nd period - Wrist shot by Tuomo Ruutu.
12:35 of 2nd period - Shot Blocked by Nicklas Lidstrom.
12:37 of 2nd period - Wrist shot by Brandon Yip.
12:37 of 2nd period - Shot Misses the Net.
12:39 of 2nd period - Wrist shot by Brandon Yip.
12:39 of 2nd period - Stopped by Evgeni Nabokov with a rebound.
13:01 of 2nd period - Slapshot by Niclas Bergfors.
13:01 of 2nd period - Goal by Niclas Bergfors - Sabres : 2 - Sharks : 1.
13:02 of 2nd period - Derick Brassard wins face-off versus David Legwand in neutral zone.
14:12 of 2nd period - Steve Downie is hit by Antoine Vermette and loses puck.
14:35 of 2nd period - Slapshot by Michal Rozsival.
14:35 of 2nd period - Stopped by Evgeni Nabokov without a rebound.
14:36 of 2nd period - Jiri Hudler wins face-off versus David Legwand in Sabres zone.
14:36 of 2nd period - Jiri Hudler is hit by David Legwand.
14:41 of 2nd period - Off-side.
14:42 of 2nd period - Jiri Hudler wins face-off versus David Legwand in neutral zone.
15:41 of 2nd period - Dany Heatley is hit by Mike Fisher and loses puck.
15:54 of 2nd period - Slapshot by Todd White.
15:54 of 2nd period - Shot Misses the Net.
16:06 of 2nd period - Wrist shot by Joe Sakic.
16:06 of 2nd period - Stopped by Evgeni Nabokov with a rebound.
16:24 of 2nd period - Wrist shot by Markus Naslund.
16:24 of 2nd period - Shot Misses the Net.
16:26 of 2nd period - Snap shot by Antoine Vermette.
16:26 of 2nd period - Shot Misses the Net.
17:11 of 2nd period - Slapshot by Kyle Calder.
17:11 of 2nd period - Shot Misses the Net.
18:25 of 2nd period - Slapshot by Joni Pitkanen.
18:25 of 2nd period - Deflect By Dany Heatley.
18:25 of 2nd period - Stopped by Tyler Weiman with a rebound.
18:51 of 2nd period - Boris Valabik is hit by Tomas Kopecky and loses puck.
19:06 of 2nd period - Brandon Yip is hit by Ole-Kristian Tollefsen and loses puck.
19:10 of 2nd period - Icing by Lasse Kukkonen.
19:11 of 2nd period - Derick Brassard wins face-off versus Joe Sakic in Sharks zone.
Goals for this period are 1 for Sabres vs 0 for Sharks.
Shots for this period are 12 for Sabres vs 8 for Sharks.

3rd period


0:01 of 3rd period - Jiri Hudler wins face-off versus David Legwand in neutral zone.
0:14 of 3rd period - Slapshot by Alex Pietrangelo.
0:14 of 3rd period - Shot Misses the Net.
0:26 of 3rd period - Lasse Kukkonen is hit by Ole-Kristian Tollefsen and loses puck.
1:13 of 3rd period - Wrist shot by Kyle Calder.
1:13 of 3rd period - Stopped by Tyler Weiman with a rebound.
1:27 of 3rd period - Wrist shot by Niclas Bergfors.
1:27 of 3rd period - Deflect By Ted Purcell.
1:27 of 3rd period - Stopped by Tyler Weiman without a rebound.
1:28 of 3rd period - Jiri Hudler wins face-off versus Antoine Vermette in Sharks zone.
1:53 of 3rd period - Jiri Hudler is hit by Lasse Kukkonen and loses puck.
1:58 of 3rd period - Snap shot by David Legwand.
1:58 of 3rd period - Shot Misses the Net.
2:00 of 3rd period - Wrist shot by Dany Heatley.
2:00 of 3rd period - Stopped by Evgeni Nabokov with a rebound.
2:02 of 3rd period - Wrist shot by Daniel Alfredsson.
2:02 of 3rd period - Shot Blocked by Niclas Bergfors.
2:04 of 3rd period - Slapshot by Michal Rozsival.
2:04 of 3rd period - Stopped by Evgeni Nabokov without a rebound.
2:05 of 3rd period - Derick Brassard wins face-off versus Antoine Vermette in Sabres zone.
2:10 of 3rd period - Ted Purcell is hit by Patrick Marleau.
2:20 of 3rd period - Antoine Vermette is hit by Steve Downie and loses puck.
2:30 of 3rd period - Off-side.
2:31 of 3rd period - David Legwand wins face-off versus Viktor Kozlov in neutral zone.
2:54 of 3rd period - Icing by Viktor Kozlov.
2:55 of 3rd period - Antoine Vermette wins face-off versus Viktor Kozlov in Sabres zone.
3:18 of 3rd period - Icing by Viktor Kozlov.
3:19 of 3rd period - David Legwand wins face-off versus Derick Brassard in Sabres zone.
3:35 of 3rd period - Minor Penalty to Tyler Sloan for Tripping.
3:36 of 3rd period - David Legwand wins face-off versus Viktor Kozlov in Sabres zone.
3:40 of 3rd period - Snap shot by David Legwand.
3:40 of 3rd period - Shot Hit the Post.
3:56 of 3rd period - Ole-Kristian Tollefsen is hit by David Legwand and loses puck.
5:27 of 3rd period - Joni Pitkanen is hit by Joe Sakic and loses puck.
5:35 of 3rd period - Penalty to Tyler Sloan is over, Tyler Sloan is back on ice.
5:48 of 3rd period - Martin Samuelsson is hit by Patrick Marleau and loses puck.
5:57 of 3rd period - Wrist shot by Martin Samuelsson.
5:57 of 3rd period - Shot Blocked by Derick Brassard.
6:52 of 3rd period - Wrist shot by Niclas Bergfors.
6:52 of 3rd period - Shot Misses the Net.
7:06 of 3rd period - Alex Pietrangelo is hit by Steve Downie and loses puck.
7:27 of 3rd period - Daniel Alfredsson is hit by Viktor Kozlov and loses puck.
8:04 of 3rd period - Michal Rozsival is hit by Jiri Hudler and loses puck.
9:24 of 3rd period - Markus Naslund is hit by Patrick Marleau.
10:23 of 3rd period - Wrist shot by Steve Downie.
10:23 of 3rd period - Deflect By Patrick Marleau.
10:23 of 3rd period - Shot Misses the Net.
10:23 of 3rd period - Puck is out of play.
10:24 of 3rd period - David Legwand wins face-off versus Jiri Hudler in Sharks zone.
10:30 of 3rd period - Icing by Michal Rozsival.
10:31 of 3rd period - Jiri Hudler wins face-off versus David Legwand in Sharks zone.
11:00 of 3rd period - Slapshot by Brandon Yip.
11:00 of 3rd period - Shot Blocked by Ole-Kristian Tollefsen.
11:02 of 3rd period - Snap shot by Joe Sakic.
11:02 of 3rd period - Shot Misses the Net.
11:19 of 3rd period - Minor Penalty to Markus Naslund for Hooking.
11:20 of 3rd period - Joe Sakic wins face-off versus Derick Brassard in Sharks zone.
12:47 of 3rd period - Icing by Joni Pitkanen.
12:48 of 3rd period - Joe Sakic wins face-off versus Derick Brassard in Sabres zone.
12:57 of 3rd period - Joe Sakic is hit by Ryan Hollweg and loses puck.
13:19 of 3rd period - Penalty to Markus Naslund is over, Markus Naslund is back on ice.
14:05 of 3rd period - Brandon Yip is hit by Derick Brassard and loses puck.
14:29 of 3rd period - Icing by Nicklas Lidstrom.
14:30 of 3rd period - Antoine Vermette wins face-off versus Mike Fisher in Sabres zone.
14:49 of 3rd period - Kyle Calder is hit by David Legwand and loses puck.
15:12 of 3rd period - Icing by Viktor Kozlov.
15:13 of 3rd period - Viktor Kozlov wins face-off versus Antoine Vermette in Sabres zone.
16:13 of 3rd period - Slapshot by Mike Fisher.
16:13 of 3rd period - Stopped by Tyler Weiman with a rebound.
16:15 of 3rd period - Snap shot by Kyle Calder.
16:15 of 3rd period - Stopped by Tyler Weiman without a rebound.
16:16 of 3rd period - Mike Fisher wins face-off versus Antoine Vermette in Sharks zone.
16:30 of 3rd period - Off-side.
16:31 of 3rd period - Daniel Alfredsson wins face-off versus Viktor Kozlov in neutral zone.
16:36 of 3rd period - Slapshot by David Legwand.
16:36 of 3rd period - Shot Misses the Net.
16:42 of 3rd period - Slapshot by Joni Pitkanen.
16:42 of 3rd period - Shot Blocked by Daniel Alfredsson.
16:46 of 3rd period - Snap shot by Tomas Kopecky.
16:46 of 3rd period - Shot Misses the Net.
16:56 of 3rd period - Patrick Marleau is hit by Ted Purcell and loses puck.
18:14 of 3rd period - Wrist shot by Tyler Sloan.
18:14 of 3rd period - Shot Blocked by Johnny Boychuk.
18:25 of 3rd period - Minor Penalty to Steve Downie for Hooking.
18:26 of 3rd period - David Legwand wins face-off versus Viktor Kozlov in Sabres zone.
18:32 of 3rd period - Wrist shot by Dany Heatley.
18:32 of 3rd period - Stopped by Evgeni Nabokov without a rebound.
18:33 of 3rd period - Viktor Kozlov wins face-off versus David Legwand in Sabres zone.
18:52 of 3rd period - Wrist shot by Dany Heatley.
18:52 of 3rd period - Shot Misses the Net.
18:54 of 3rd period - Slapshot by Daniel Alfredsson.
18:54 of 3rd period - Goal by Daniel Alfredsson - Sabres : 2 - Sharks : 2.
18:55 of 3rd period - Daniel Alfredsson wins face-off versus Viktor Kozlov in neutral zone.
19:34 of 3rd period - Slapshot by Niclas Bergfors.
19:34 of 3rd period - Shot Blocked by Alex Pietrangelo.
Goals for this period are 0 for Sabres vs 1 for Sharks.
Shots for this period are 4 for Sabres vs 4 for Sharks.

Overtime #1


0:01 of 1st overtime period - Daniel Alfredsson wins face-off versus Derick Brassard in neutral zone.
0:06 of 1st overtime period - Snap shot by Dany Heatley.
0:06 of 1st overtime period - Shot Blocked by Patrick Marleau.
0:08 of 1st overtime period - Snap shot by Daniel Alfredsson.
0:08 of 1st overtime period - Stopped by Evgeni Nabokov without a rebound.
0:09 of 1st overtime period - Daniel Alfredsson wins face-off versus Derick Brassard in Sabres zone.
0:18 of 1st overtime period - Slapshot by Alex Pietrangelo.
0:18 of 1st overtime period - Stopped by Evgeni Nabokov without a rebound.
0:19 of 1st overtime period - Derick Brassard wins face-off versus Daniel Alfredsson in Sabres zone.
0:19 of 1st overtime period - Derick Brassard is hit by Dany Heatley.
1:49 of 1st overtime period - Antoine Roussel is hit by Tuomo Ruutu and loses puck.
2:04 of 1st overtime period - Derick Brassard is hit by Markus Naslund and loses puck.
2:19 of 1st overtime period - Icing by David Hale.
2:20 of 1st overtime period - Viktor Kozlov wins face-off versus Daniel Alfredsson in Sharks zone.
2:29 of 1st overtime period - Backhand shot by Viktor Kozlov.
2:29 of 1st overtime period - Stopped by Tyler Weiman with a rebound.
2:31 of 1st overtime period - Snap shot by Niclas Bergfors.
2:31 of 1st overtime period - Shot Blocked by Lasse Kukkonen.
2:33 of 1st overtime period - Slapshot by Joni Pitkanen.
2:33 of 1st overtime period - Stopped by Tyler Weiman without a rebound.
2:34 of 1st overtime period - Daniel Alfredsson wins face-off versus Derick Brassard in Sharks zone.
2:57 of 1st overtime period - Dany Heatley is hit by Viktor Kozlov and loses puck.
3:31 of 1st overtime period - Richard Lintner is hit by Lasse Kukkonen and loses puck.
3:58 of 1st overtime period - Richard Lintner is hit by Johnny Boychuk and loses puck.
4:50 of 1st overtime period - Cory Sarich is hit by Joe Sakic and loses puck.
Goals for this period are 0 for Sabres vs 0 for Sharks.
Shots for this period are 2 for Sabres vs 2 for Sharks.

ShootOut


5:00 of 1st overtime period - Penalty Shot by Patrick Marleau for Sabres.
5:00 of 1st overtime period - Snap shot by Patrick Marleau.
5:00 of 1st overtime period - Stopped by Tyler Weiman.
5:00 of 1st overtime period - Penalty Shot by Dany Heatley for Sharks.
5:00 of 1st overtime period - Snap shot by Dany Heatley.
5:00 of 1st overtime period - Stopped by Evgeni Nabokov.
5:00 of 1st overtime period - Penalty Shot by Niclas Bergfors for Sabres.
5:00 of 1st overtime period - Deke by Niclas Bergfors.
5:00 of 1st overtime period - Stopped by Tyler Weiman.
5:00 of 1st overtime period - Penalty Shot by Ted Purcell for Sharks.
5:00 of 1st overtime period - Deke by Ted Purcell.
5:00 of 1st overtime period - Goal by Ted Purcell.
5:00 of 1st overtime period - Penalty Shot by Ryan Hollweg for Sabres.
5:00 of 1st overtime period - Deke by Ryan Hollweg.
5:00 of 1st overtime period - Stopped by Tyler Weiman.


Output by the SimonT Hockey Simulator (STHS) for François Prévost -- Original Page W3C XHTML 1.0 Valid
Hockey Simulator - Hockey Simulation - Hockey Manager